 Dungeon Crawl Stone Soup version 0.27-a0-1555-g0e7b3fb1d2 (webtiles) character file.

Game seed: 15254848982462735446

364 Hasart the Chopper (level 6, 0/52 HPs)
             Began as a Demigod Fighter on July 14, 2021.
             Slain by Blork the orc (7 damage)
             ... on level 5 of the Dungeon.
             The game lasted 00:04:46 (3890 turns).

Hasart the Chopper (Demigod Fighter)                Turns: 3890, Time: 00:04:46

Health: 0/52       AC:  8    Str: 25    XL:     6   Next: 16%
Magic:  8/8        EV:  7    Int: 10    God:
Gold:   217        SH: 10    Dex: 13    Spells: 5/5 levels left

rFire    . . .     SeeInvis .   a - +1 war axe
rCold    . . .     Faith    .   c - +1 kite shield
rNeg     . . .     Spirit   .   b - +0 scale mail
rPois    .         Reflect  .   p - +0 helmet
rElec    .         Harm     .   (no cloak)
rCorr    .         Rampage  .   n - +0 pair of gloves
Will     .....                  (no boots)
Stlth    ..........             (no amulet)
HPRegen  0.17/turn              (no ring)
MPRegen  0.11/turn              (no ring)

@: no status effects
A: high mp 1, forlorn
a: no special abilities


You were on level 5 of the Dungeon.
You visited 1 branch of the dungeon, and saw 5 of its levels.

You collected 217 gold pieces.

Inventory:

Hand Weapons
 a - a +1 war axe (weapon)
Missiles
 h - 8 poisoned darts (quivered)
 s - 6 boomerangs of dispersal
Armour
 b - a +0 scale mail (worn)
 c - a +1 kite shield (worn)
 n - a +0 pair of gloves (worn)
 p - a +0 helmet (worn)
Jewellery
 u - a ring of flight
Wands
 q - a wand of digging (7)
Scrolls
 f - a scroll of vulnerability
 g - a scroll of magic mapping
 i - 2 scrolls of fear
 o - 3 scrolls of identify
Potions
 d - a potion of might
 e - a potion of brilliance
 j - a potion of attraction {unknown}
 k - a potion of flight {unknown}
 l - 2 potions of heal wounds {unknown}
 m - a potion of haste {unknown}
 r - a potion of magic {unknown}


   Skills:
 + Level 4.0 Fighting
 * Level 4.6 Axes
 + Level 2.6 Throwing
 - Level 2.6 Armour
 - Level 2.6 Shields


You had 5 spell levels left.
You didn't know any spells.
Your spell library was empty.

Dungeon Overview and Level Annotations

Branches:
Dungeon (5/15)             Temple (0/1) D:4

Shops:
D:3 [

Annotations:
D:5 Blork the orc


Innate Abilities, Weirdness & Mutations

Your attributes grow dramatically as you level up.
You have an increased reservoir of magic. (+10% MP)
You shall have no god before yourself.


Message History

Blork the orc is lightly wounded.
Blork the orc hits you with a +0 flail.
Blork the orc screams, "I'll make a cloak from your skin!"
You block Blork the orc's attack. x2
You hit Blork the orc but do no damage.
Blork the orc is lightly wounded.
Blork the orc hits you with a +0 flail.
A necrophage comes into view.
Blork the orc hits you with a +0 flail!
You slash Blork the orc!
Blork the orc is heavily wounded.
You block Blork the orc's attack.
Blork the orc looks angry.
Blork the orc hits you with a +0 flail!
You hit Blork the orc but do no damage.
Blork the orc is heavily wounded.
Blork the orc casts a spell at you.
The magic dart hits you but does no damage.
Blork the orc hits you with a +0 flail.
You hit Blork the orc.
Blork the orc is heavily wounded.
Blork the orc hits you with a +0 flail! You block Blork the orc's attack.
You hit Blork the orc.
Blork the orc is severely wounded.
You block Blork the orc's attack. Blork the orc hits you with a +0 flail.
Blork the orc barely misses you.
You slash Blork the orc!
Blork the orc is almost dead.
You block Blork the orc's attack. Blork the orc barely misses you.
You barely miss Blork the orc.
Blork the orc is almost dead.
Blork the orc hits you with a +0 flail!
* * * LOW HITPOINT WARNING * * *
Blork the orc hits you with a +0 flail.
* * * LOW HITPOINT WARNING * * *
Unknown command.
You closely miss Blork the orc.
Blork the orc is almost dead.
Blork the orc hits you with a +0 flail!
You die...

##### #<..#
# #.#.#
#.##.# #
#....#.##..#
####.......#
#...........
#..#.#######
#@.#?#
#.ngo..#.#
##.###(#.#
.. ....# ##
#.### ..#
###


You could see Blork the orc (fast), a necrophage and a gnoll.

Vanquished Creatures
  A phantom (D:4)
  A bullfrog (D:4)
  A hound (D:4)
  A jelly (D:4)
  Ijyb (D:3)
  An orc wizard (D:2)
  Robin (D:3)
  A gnoll (D:5)
  4 dart slugs
  2 orcs (D:2)
  7 endoplasms
  A giant cockroach (D:2)
  12 goblins
  8 hobgoblins
  15 jackals
  5 quokkas
  3 ball pythons
  2 bats
  3 frilled lizards
  5 kobolds
  A quokka skeleton (D:4)
  5 rats
81 creatures vanquished.

Vanquished Creatures (others)
  A plant (D:3)
1 creature vanquished.

Grand Total: 82 creatures vanquished

Notes
Turn   | Place    | Note
-------+----------+-------------------------------------------
     0 | D:1      | Hasart the Demigod Fighter began the quest for the Orb.
     0 | D:1      | Reached XP level 1. HP: 18/18 MP: 3/3
   290 | D:1      | Reached XP level 2. HP: 15/25 MP: 4/4
   962 | D:2      | Reached skill level 1 in Throwing
   962 | D:2      | Reached XP level 3. HP: 27/31 MP: 5/5
  1958 | D:3      | Noticed Robin
  1969 | D:3      | Reached XP level 4. HP: 38/38 MP: 6/6
  1984 | D:3      | Killed Robin
  2136 | D:3      | Noticed Ijyb
  2145 | D:3      | Killed Ijyb
  2206 | D:3      | Found Togonia's Armour Shop.
  2693 | D:4      | Noticed a phantom
  2714 | D:4      | Reached XP level 5. HP: 33/45 MP: 7/7
  2950 | D:4      | Found a staircase to the Ecumenical Temple.
  3179 | D:4      | Reached XP level 6. HP: 8/52 MP: 8/8
  3870 | D:5      | Entered Level 5 of the Dungeon
  3875 | D:5      | Noticed Blork the orc
  3890 | D:5      | Slain by Blork the orc

Illustrated notes

Levels and vault maps discovered:
D:1:      erik_arrival_triangle_small, layout_basic
D:2:      layout_loops_ring, minmay_tetromino_o2
D:3:      layout_rooms, serial_forest, infiniplex_forest_clump_tiny,
          infiniplex_forest_lined_ring, infiniplex_forest_lined_3,
          infiniplex_forest_corner_1, infiniplex_forest_lined_room_,
          infiniplex_forest_straight_4, infiniplex_forest_clump_curved,
          serial_shops, nicolae_shop_behind_doors, kennysheep_crisscross,
          chequers_serial_rivers_micro_e, uniq_ijyb, uniq_robin
D:4:      layout_basic, nicolae_ru_awakened_eye, mainiacjoe_overflow_boulevard,
          mainiacjoe_overflow_big_doors, minmay_temple_entry_from_below_a,
          minmay_crossroads
D:5:      wander_river, layout_loops_ring, tso_altar,
          chequers_serial_rivers_micro_a, uniq_eustachio, uniq_blork_the_orc,
          uniq_duvessa

Skill      XL: |  1  2  3  4  5  6 |
---------------+-------------------+-----
Axes           | 2 3 4 |  4.6
Fighting       | 3 4 |  4.0
Throwing       | 1 2 |  2.6
Armour         | |  2.6
Shields        | |  2.6

Action                   |  1- 3 |  4- 6 || total
-------------------------+-------+-------++-------
Melee: War axe           |   106 |    99 ||   205
Throw: Dart              |       |     5 ||     5
  Use: Scroll            |     4 |     3 ||     7
Armor: Scale mail        |    71 |    59 ||   130
Dodge: Dodged            |    52 |    37 ||    89
Block: Kite shield       |    64 |    66 ||   130

Table legend: (Time is in decaauts)
 A = Elapsed time spent in this place.
 B = Non-inter-level travel time spent in this place.
 C = Inter-level travel time spent in this place.
 D = Time resting spent in this place.
 E = Time spent auto-exploring this place.
 F = Levels seen in this place.
 G = Mean time per level.
                   A        B        C        D        E       F      G
               +--------+--------+--------+--------+--------+-----+--------+
         Total |   4010 |   3888 |    122 |    161 |   3130 |   5 |  802.0 |
       Dungeon |   4010 |   3888 |    122 |    161 |   3130 |   5 |  802.0 |
               +--------+--------+--------+--------+--------+-----+--------+

Top non-repeatable levels by time:
     D:4: 1328 daAuts
     D:3: 949 daAuts
     D:1: 939 daAuts
     D:2: 767 daAuts
     D:5: 25 daAuts
